Map: Divergence LE

Players

Oblivionys

  • Race: Zerg Zerg
  • Spawn Location: 11:00

Axelito

  • Race: Protoss Protoss
  • League: Platinum
  • Spawn Location: 11:00

Massa - Winner!

  • Race: Terran Terran
  • League: Gold
  • Spawn Location: 5:00

qqq - Winner!

  • Race: Protoss Protoss
  • League: Platinum
  • Spawn Location: 5:00

VOD

Have the link to the VOD?

Description

Time

  • Played on: Aug. 12, 2020, 4:13 p.m.
  • Length: 10:57
Show
View Real Time Build Order
Export as new Build Order

Oblivionys Zerg 

Build Orders: Hatch First 

Get SALT Encoding   

  12  0:01  Drone  
  13  0:09  Drone  
  14  0:50  Hatchery  
  14  0:52  Overlord  
  14  0:56  Extractor  
  12  0:59  Extractor  
  12  1:00  Drone x2  
  13  1:08  Drone  
  14  1:18  Spawning Pool  
  13  1:22  Drone  
  15  2:05  Queen, Zergling x6  
  20  2:21  Zergling x2  
  21  2:27  Hatchery  
  20  2:35  Drone  
  21  2:38  Drone  
  21  3:02  Zergling x2  
  22  3:11  Zergling x2  
  22  3:15  Zergling x2  
  21  3:24  Drone, Zergling x2  
  22  3:28  Overlord x2  
  21  3:40  Zergling x4  
  21  4:06  Zergling x12  
  26  4:11  Lair  
  26  4:12  Metabolic Boost  
  26  4:15  Drone x2  
  28  4:39  Roach Warren  
  27  4:48  Zergling x6  
  24  5:29  Zergling x10  
  24  5:30  Zergling x2  
  29  6:10  Drone  
  19  6:19  Hatchery  
  13  6:37  Drone x3  
  16  6:59  Drone x3  
  16  7:00  Drone  
  20  7:29  Drone  
  21  7:38  Hatchery  
  21  7:43  Queen  
  22  7:56  Evolution Chamber  
  21  8:07  Drone x5  
  21  8:08  Drone x3  
  29  8:13  Overlord  
  30  8:41  Drone x7  
  30  8:42  Drone  
  37  8:49  Queen  
  37  8:52  Overlord  
  39  8:58  Zerg Melee Weapons Level 1  
  39  9:02  Zergling x4  
  41  9:20  Drone x8  
  49  9:27  Extractor  
  49  9:30  Extractor  
  47  9:54  Drone x4  
  47  9:55  Drone x2  
  47  9:59  Zergling x16, Roach  
  64  10:00  Zergling x4, Roach  
  67  10:31  Overlord x2  
  67  10:32  Overlord  
Show
View Real Time Build Order
Export as new Build Order

Axelito Protoss 

Build Orders:  

Get SALT Encoding   

  12  0:00  Probe  
  13  0:12  Probe  
  14  0:18  Pylon  
  14  0:24  Probe  
  15  0:28  Assimilator  
  15  0:36  Probe  
  16  0:45  Gateway  
  16  0:48  Probe  
  17  1:01  Probe  
  18  1:11  Forge  
  18  1:13  Probe  
  18  1:18  Assimilator  
  19  1:25  Probe  
  20  1:37  Probe  
  21  1:48  Photon Cannon  
  17  2:03  Photon Cannon  
  17  2:07  Cybernetics Core  
  17  2:10  Probe (Chrono Boost)  
  17  2:11  Pylon  
  18  2:20  Probe (Chrono Boost)  
  19  2:25  Probe (Chrono Boost)  
  20  2:50  Probe  
  21  3:02  Probe  
  21  3:04  Adept (Chrono Boost)  
  21  3:10  Pylon, Warp Gate (Chrono Boost)  
  23  3:20  Pylon  
  23  3:36  Probe  
  24  3:41  Photon Cannon  
  22  3:48  Probe  
  20  4:00  Probe (Chrono Boost)  
  20  4:10  Probe (Chrono Boost)  
  20  4:15  Probe (Chrono Boost)  
  21  4:27  Probe  
  22  4:39  Probe, Shield Battery  
  23  4:49  Gateway  
  23  4:51  Probe  
  24  4:53  Robotics Facility  
  24  4:56  Shield Battery  
  24  5:00  Forge  
  24  5:03  Probe  
  25  5:27  Nexus  
  25  5:29  Assimilator  
  25  5:33  Assimilator  
  25  5:55  Adept  
  25  5:56  Gateway, Adept  
  29  5:59  Gateway  
  29  6:05  Probe (Chrono Boost), Twilight Council  
  30  6:15  Probe (Chrono Boost)  
  30  6:17  Adept  
  33  6:21  Observer (Chrono Boost)  
  34  6:27  Probe  
  35  6:34  Observer (Chrono Boost)  
  35  6:39  Probe  
  37  6:52  Probe  
  37  6:53  Charge (Chrono Boost), Warp Prism  
  40  7:04  Probe  
  41  7:09  Dark Shrine  
  41  7:11  Pylon  
  41  7:16  Pylon  
  41  7:20  Probe  
  41  7:22  Probe  
  43  7:32  Probe  
  43  7:34  Probe  
  45  7:44  Probe  
  45  7:46  Probe  
  46  7:56  Probe  
  46  8:26  Probe  
  47  8:42  Dark Templar  
  47  8:43  Dark Templar x3  
  47  8:49  Dark Templar  
  47  8:50  Dark Templar x3  
  55  9:01  Probe  
  55  9:22  Dark Templar x2  
  55  9:23  Dark Templar x2  
  47  9:58  Probe  
  40  10:17  Nexus  
  40  10:18  Probe  
  40  10:19  Assimilator  
  36  10:24  Assimilator  
  36  10:26  Pylon, Stalker x3  
  36  10:27  Stalker  
  43  10:28  Pylon  
  43  10:30  Pylon  
  43  10:32  Pylon  
Show
View Real Time Build Order
Export as new Build Order

Massa Terran - Winner!

Build Orders:  

Get SALT Encoding   

  12  0:01  SCV  
  13  0:13  SCV  
  14  0:21  Supply Depot  
  14  0:25  SCV  
  15  0:30  Refinery  
  15  0:43  SCV  
  16  0:50  Barracks  
  16  0:55  SCV  
  17  1:01  Refinery  
  17  1:07  SCV  
  18  1:15  Supply Depot  
  18  1:19  SCV  
  19  1:28  Barracks  
  19  1:34  SCV  
  19  1:37  Reaper  
  21  1:46  SCV  
  22  2:01  Factory  
  22  2:07  Orbital Command  
  22  2:09  Reaper  
  23  2:28  Reaper  
  24  2:33  SCV  
  25  2:41  Reaper  
  25  3:56  Command Center  
  25  4:00  Command Center  
  25  4:04  Factory Tech Lab, Factory  
  25  4:08  Barracks, Marine  
  26  4:19  Barracks Tech Lab  
  26  4:24  Siege Tank  
  26  4:25  Marine  
  29  4:43  Marine  
  29  5:01  Marine  
  29  5:16  Barracks Tech Lab  
  29  5:18  Stimpack  
  29  5:19  Marine  
  30  5:21  Marauder  
  30  5:23  Siege Tank  
  35  5:33  Bunker  
  35  5:37  Marine  
  35  5:38  Combat Shield  
  36  5:43  Marauder  
  36  5:46  SCV  
  39  5:54  Orbital Command, Marine  
  40  5:58  SCV  
  40  6:03  Bunker  
  41  6:04  Widow Mine, Marauder  
  41  6:05  Widow Mine  
  41  6:10  SCV  
  48  6:22  SCV  
  48  6:26  Widow Mine x2, Marauder  
  52  6:34  SCV  
  53  6:41  Marauder, Marine  
  53  6:43  SCV  
  53  6:47  SCV, Marauder  
  60  6:55  SCV  
  60  6:59  Starport  
  61  7:02  Factory Tech Lab  
  61  7:08  Supply Depot  
  61  7:10  Supply Depot x2  
  61  7:30  SCV x2, Marauder x2, Marine  
  68  7:37  Bunker  
  68  7:42  SCV x2  
  70  7:47  Marine  
  70  7:48  Engineering Bay  
  70  7:50  SCV  
  72  7:52  Marauder x2  
  72  7:54  SCV x2  
  78  8:02  SCV  
  78  8:04  Refinery  
  79  8:05  Marine  
  79  8:06  SCV x2, Medivac  
  84  8:14  SCV  
  84  8:17  Barracks  
  85  8:21  Supply Depot  
  85  8:22  Missile Turret  
  85  8:23  Supply Depot  
  85  8:27  Planetary Fortress  
  85  8:37  Terran Infantry Weapons Level 1  
  85  8:41  Refinery  
  85  8:43  SCV x2, Marauder x2, Marine  
  85  8:45  Medivac  
  94  8:55  SCV x2, Missile Turret  
  96  9:01  Marine  
  97  9:05  Marauder x2  
  101  9:16  Missile Turret  
  101  9:17  Supply Depot x2  
  101  9:27  Missile Turret  
  101  9:31  SCV x2  
  101  9:32  SCV  
  101  9:33  Siege Tank  
  101  9:35  Siege Tank  
  101  9:37  Missile Turret  
  100  9:43  SCV x2  
  100  9:44  SCV  
  98  9:55  SCV x2  
  98  9:56  SCV  
  98  9:58  Barracks Tech Lab, Missile Turret  
  101  10:07  SCV x2  
  103  10:17  Missile Turret  
  103  10:32  Refinery  
  103  10:37  SCV x2  
  103  10:38  SCV, Missile Turret  
  106  10:44  Refinery x2  
Show
View Real Time Build Order
Export as new Build Order

qqq Protoss - Winner!

Build Orders:  

Get SALT Encoding   

  12  0:00  Probe  
  13  0:13  Probe  
  14  0:19  Pylon  
  14  0:25  Probe  
  15  0:37  Forge  
  15  0:40  Probe  
  16  0:52  Probe  
  16  0:56  Pylon  
  17  1:04  Probe  
  17  1:07  Pylon  
  18  1:17  Photon Cannon  
  18  1:23  Pylon  
  18  1:49  Photon Cannon  
  18  1:57  Pylon  
  18  2:17  Pylon  
  17  2:36  Probe, Gateway  
  18  2:39  Photon Cannon  
  18  2:42  Photon Cannon  
  17  3:23  Assimilator  
  17  3:27  Assimilator  
  17  3:32  Pylon  
  17  3:36  Cybernetics Core  
  17  4:23  Probe  
  18  4:35  Probe  
  18  4:36  Nexus  
  18  4:38  Pylon  
  19  4:40  Pylon  
  19  4:47  Probe, Nexus  
  19  4:49  Pylon  
  19  4:52  Pylon  
  20  4:59  Probe  
  21  5:03  Photon Cannon  
  21  5:11  Probe  
  21  5:12  Stargate  
  22  5:18  Photon Cannon  
  22  5:20  Photon Cannon  
  22  5:24  Photon Cannon  
  22  5:36  Photon Cannon  
  23  5:42  Probe  
  23  5:49  Stargate  
  23  5:51  Probe  
  24  6:03  Probe  
  25  6:11  Void Ray  
  29  6:27  Probe  
  29  6:28  Probe  
  31  6:38  Phoenix  
  31  6:39  Probe  
  34  6:40  Probe  
  35  6:51  Probe  
  35  6:52  Probe, Photon Cannon  
  37  6:56  Phoenix  
  39  7:04  Probe x2  
  39  7:06  Phoenix  
  43  7:16  Probe x2  
  45  7:25  Phoenix  
  45  7:28  Probe x2  
  49  7:37  Protoss Air Weapons Level 1  
  49  7:38  Photon Cannon  
  49  7:40  Probe  
  49  7:41  Probe  
  51  7:44  Assimilator  
  51  7:48  Assimilator  
  51  7:52  Probe, Phoenix  
  51  7:53  Probe  
  55  8:04  Probe  
  56  8:05  Robotics Facility  
  56  8:11  Probe  
  57  8:16  Probe  
  58  8:21  Assimilator  
  58  8:23  Probe  
  58  8:25  Assimilator  
  59  8:28  Probe  
  59  8:29  Pylon  
  59  8:31  Photon Cannon, Phoenix x2  
  64  8:35  Probe  
  64  8:40  Probe  
  66  8:47  Probe  
  67  8:52  Probe  
  67  8:54  Observer  
  69  8:56  Phoenix x2  
  69  8:59  Probe  
  74  9:05  Probe  
  75  9:11  Probe  
  75  9:16  Observer  
  75  9:17  Probe  
  78  9:21  Phoenix x2  
  78  9:23  Probe  
  83  9:29  Probe  
  84  9:35  Probe  
  85  9:40  Nexus  
  85  9:41  Probe  
  85  9:43  Pylon  
  86  9:46  Pylon  
  86  10:02  Phoenix x2  
  86  10:06  Probe  
  86  10:07  Probe  
  92  10:18  Probe  
  92  10:19  Probe, Photon Cannon  
  94  10:27  Phoenix x2  
  98  10:31  Probe x2  
  100  10:43  Probe x2  
Tags
 
Add a new tag
Caveats
  • Supply blocks, unpowered buildings, or Contaminate may cause inaccurate times.
  • Supply counts are checked every 10 seconds.